Map: [ESL] Royal Blood

Players

Firefly - Winner!

  • Race: Protoss Protoss
  • Spawn Location: 1:00

Oriana

  • Race: Terran Terran
  • Spawn Location: 7:00

Event: ESL SC2 Masters 2023 Summer (Regionals)

VOD

Have the link to the VOD?

Description

Time

  • Played on: May 14, 2023, 8:02 a.m.
  • Length: 8:33

All games in this series

Show
View Real Time Build Order
Export as new Build Order

Firefly Protoss - Winner!

Build Orders: 1 Gate Expand, Oracle Opening, Blink Stalkers, Zealot Archon 

Get SALT Encoding   

  12  0:00  Probe  
  13  0:12  Probe  
  14  0:17  Pylon  
  14  0:24  Probe  
  15  0:35  Gateway  
  15  0:38  Probe (Chrono Boost)  
  16  0:48  Probe (Chrono Boost), Assimilator  
  17  0:53  Probe (Chrono Boost)  
  18  1:04  Probe  
  19  1:16  Probe  
  20  1:25  Nexus  
  20  1:34  Cybernetics Core  
  20  1:38  Probe  
  21  1:45  Assimilator  
  21  1:50  Probe  
  21  1:53  Pylon  
  22  2:02  Probe  
  23  2:11  Warp Gate, Sentry (Chrono Boost)  
  23  2:14  Probe (Chrono Boost)  
  26  2:25  Probe (Chrono Boost)  
  27  2:30  Probe (Chrono Boost)  
  27  2:32  Oracle, Twilight Council  
  27  2:36  Probe (Chrono Boost)  
  29  2:40  Stalker  
  32  2:46  Probe x2 (Chrono Boost)  
  32  2:51  Probe (Chrono Boost)  
  33  2:52  Probe  
  35  3:00  Gateway  
  35  3:03  Probe  
  35  3:05  Probe, Blink (Chrono Boost)  
  37  3:13  Pylon  
  38  3:24  Gateway  
  38  3:26  Gateway  
  37  3:28  Stalker  
  37  3:33  Probe  
  37  3:34  Probe  
  41  3:39  Gateway  
  41  3:44  Shield Battery  
  41  3:46  Probe  
  41  3:47  Probe  
  43  3:53  Pylon  
  43  3:58  Probe  
  43  3:59  Robotics Facility  
  43  4:00  Probe  
  45  4:10  Probe  
  45  4:12  Probe, Shield Battery  
  47  4:17  Stalker x2  
  47  4:21  Pylon  
  47  4:23  Probe  
  47  4:24  Assimilator  
  52  4:33  Phoenix, Forge  
  52  4:36  Probe, Pylon  
  53  4:50  Stalker x4  
  61  5:02  Protoss Ground Weapons Level 1 (Chrono Boost)  
  61  5:04  Stalker  
  63  5:09  Shield Battery  
  63  5:12  Pylon  
  63  5:16  Pylon  
  63  5:18  Sentry  
  63  5:19  Zealot x3  
  71  5:25  Oracle  
  69  5:34  Nexus  
  69  5:36  Charge (Chrono Boost)  
  69  5:38  Probe  
  69  5:39  Probe  
  71  5:50  Sentry  
  71  5:54  Immortal  
  71  5:55  Pylon  
  77  5:58  Probe x2  
  77  6:01  Pylon  
  79  6:10  Probe x2  
  81  6:13  Gateway  
  81  6:14  Gateway  
  81  6:17  Gateway  
  81  6:33  Observer  
  81  6:35  Zealot x5  
  92  6:41  Protoss Ground Armor Level 1 (Chrono Boost)  
  92  6:43  Templar Archives  
  92  6:48  Shield Battery  
  92  6:55  Pylon  
  92  6:59  Pylon  
  92  7:03  Immortal (Chrono Boost)  
  96  7:08  Zealot  
  96  7:09  Zealot x3  
  104  7:15  Zealot x2  
  108  7:24  Sentry x2  
  112  7:33  Zealot x4  
  120  7:38  Pylon  
  120  7:40  Pylon  
  120  7:49  High Templar x2, Zealot  
  120  7:50  Zealot  
  126  7:56  Zealot x4  
  126  7:57  Archon  
  134  8:10  Zealot x2  
  138  8:16  Zealot  
  138  8:18  Zealot x3  
  122  8:28  Zealot x2  
Show
View Real Time Build Order
Export as new Build Order

Oriana Terran 

Build Orders: Reaper Expand 

Get SALT Encoding   

  12  0:00  SCV  
  13  0:12  SCV  
  14  0:16  Supply Depot  
  14  0:24  SCV  
  15  0:38  SCV  
  15  0:40  Barracks  
  16  0:43  Refinery  
  16  0:50  SCV  
  17  1:02  SCV  
  18  1:14  SCV  
  19  1:28  Orbital Command, Reaper  
  20  1:43  Command Center  
  20  1:50  Supply Depot  
  20  1:53  SCV  
  21  1:59  Marine  
  22  2:06  SCV  
  23  2:09  Factory  
  23  2:16  Bunker  
  23  2:18  SCV  
  23  2:22  Barracks Reactor  
  24  2:26  Refinery  
  24  2:30  SCV  
  25  2:38  Barracks  
  25  2:42  SCV  
  26  2:54  SCV  
  26  2:55  Orbital Command, Factory Tech Lab  
  27  3:03  Marine x2  
  29  3:08  SCV  
  30  3:16  Cyclone  
  33  3:22  SCV x2, Marine x2  
  33  3:26  Supply Depot  
  37  3:27  Barracks Tech Lab  
  37  3:35  SCV x2  
  39  3:42  Marine x2  
  39  3:46  Marine  
  42  3:48  SCV x2  
  42  3:51  Supply Depot  
  42  3:53  Barracks  
  44  3:58  Siege Tank  
  47  4:05  Marine x3  
  47  4:07  SCV  
  47  4:08  SCV  
  52  4:17  Supply Depot  
  52  4:21  SCV x2  
  52  4:24  Marine x3  
  54  4:30  Siege Tank  
  59  4:31  Engineering Bay  
  59  4:34  Refinery  
  59  4:36  SCV x2  
  61  4:40  Supply Depot  
  61  4:44  Barracks Reactor  
  61  4:45  Marine  
  62  4:50  Marine x2  
  62  4:51  SCV x2  
  66  4:59  Starport  
  65  5:01  Terran Infantry Weapons Level 1  
  65  5:03  Marine  
  65  5:06  SCV x2  
  68  5:08  Marine  
  68  5:10  Factory Reactor  
  68  5:12  Marine  
  70  5:16  Supply Depot  
  70  5:21  Marine x2  
  71  5:26  Marine  
  64  5:30  Stimpack, Marine x2  
  64  5:33  SCV x2  
  68  5:50  Marine x5  
  68  5:52  SCV  
  68  5:53  SCV  
  68  5:54  Factory Tech Lab, Medivac  
  68  5:55  Medivac  
  79  5:59  Supply Depot  
  79  6:09  SCV x2  
  79  6:10  Marine x5  
  86  6:17  Supply Depot  
  86  6:20  Siege Tank  
  86  6:22  Supply Depot  
  86  6:27  Marine  
  86  6:28  Marine x2, SCV  
  86  6:29  SCV  
  88  6:34  Marine x2  
  90  6:42  SCV x2  
  90  6:43  Medivac x2  
  96  6:49  Marine x3  
  99  6:55  Siege Tank  
  102  7:01  Marine x2  
  102  7:06  Marine  
  102  7:08  Marine x2  
  105  7:12  Combat Shield  
  107  7:16  SCV  
  107  7:17  SCV  
  107  7:20  Marine  
  110  7:30  Supply Depot  
  110  7:31  Supply Depot  
  110  7:43  Marine  
  110  7:44  SCV x2  
  110  7:50  Marine x3  
  110  7:51  Marine, Siege Tank  
  110  7:58  SCV  
  113  8:01  Marine  
  113  8:04  Orbital Command  
  112  8:08  Marine x2  
  112  8:09  Marine x2  
Tags
 
Add a new tag
Caveats
  • Supply blocks, unpowered buildings, or Contaminate may cause inaccurate times.
  • Supply counts are checked every 10 seconds.